SNL (28 & UNDER)
BEAUMONT ROUGHNECKS @ BLACKIRON DRAGONS
08/26/2029
 
TOP OF THE 1ST
Beaumont Roughnecks batting - Pitching for BlackIron Dragons : RHP Silvio Fiermonte
Pitching: RHP Silvio Fiermonte
Batting: RHB John James 0-0: Foul Ball, location: 2F
0-1: Ball
1-1: Swinging Strike
1-2: Ball
2-2: Ball
3-2: Strikes out looking
Batting: RHB Darwin Crane 0-0: Ball
1-0: Ground out 6-3 (Groundball, 6)
Batting: RHB Roger Rush 0-0: Ball
1-0: Called Strike
1-1: Called Strike
1-2: Ball
2-2: Foul Ball, location: 2F
2-2: Fly out, F9 (Flyball, 9)
Top of the 1st over - 0 runs, 0 hits, 0 errors, 0 left on base; Beaumont 0 - BlackIron 0
BOTTOM OF THE 1ST
BlackIron Dragons batting - Pitching for Beaumont Roughnecks : RHP Carlos Sánchez
Pitching: RHP Carlos Sánchez
Batting: LHB Miguel García 0-0: Ground out 3-1 (Groundball, 34)
Batting: RHB Bernardo Corona 0-0: Foul Ball, location: 2F
0-1: Ball
1-1: Fly out, F8 (Flyball, 8RD)
Batting: SHB Félix Montoya 0-0: Ball
1-0: Foul Ball, location: 2F
1-1: Foul Ball, location: 2F
1-2: Ground out 1-3 (Groundball, 15S)
Bottom of the 1st over - 0 runs, 0 hits, 0 errors, 0 left on base; Beaumont 0 - BlackIron 0
TOP OF THE 2ND
Beaumont Roughnecks batting - Pitching for BlackIron Dragons : RHP Silvio Fiermonte
Batting: RHB Si-xun Li 0-0: Fly out, F8 (Flyball, 78D)
Batting: LHB Enrique Cruz 0-0: DOUBLE (Flyball, 8LXD)
Batting: SHB Walton Locke 0-0: Called Strike
0-1: Swinging Strike
0-2: Strikes out swinging
Batting: RHB António Aguilar 0-0: Ball
1-0: Foul Ball, location: 2F
1-1: Fly out, F1 (Line Drive, 13S)
Top of the 2nd over - 0 runs, 1 hit, 0 errors, 1 left on base; Beaumont 0 - BlackIron 0
BOTTOM OF THE 2ND
BlackIron Dragons batting - Pitching for Beaumont Roughnecks : RHP Carlos Sánchez
Batting: LHB José Martínez 0-0: Ball
1-0: Called Strike
1-1: SINGLE (Line Drive, 89S)
Batting: RHB Doug O'Brien 0-0: Called Strike
0-1: Ball
1-1: Ball
2-1: Ball
3-1: Grounds into double play, 6-4-3 (Groundball, 6)
Batting: RHB Roderick Silva 0-0: Called Strike
0-1: Ball
1-1: Swinging Strike
1-2: Ball
2-2: Foul Ball, location: 2F
2-2: Ball
3-2: Base on Balls
Batting: LHB Miguel Barrón 0-0: Foul Ball, location: 2F
0-1: Ground out 4-3 (Groundball, 4)
Bottom of the 2nd over - 0 runs, 1 hit, 0 errors, 1 left on base; Beaumont 0 - BlackIron 0
TOP OF THE 3RD
Beaumont Roughnecks batting - Pitching for BlackIron Dragons : RHP Silvio Fiermonte
Batting: RHB Jeff Mason 0-0: Ball
1-0: Ball
2-0: Ball
3-0: Base on Balls
Batting: RHB Miguel Costa 0-0: Ball
1-0: Ball
2-0: Ball
3-0: Called Strike
3-1: Base on Balls
Jeff Mason to second
Batting: RHB John James 0-0: Fielders Choice at 2nd, 1-4 (Groundball, 15S)
Jeff Mason to third
Batting: RHB Darwin Crane 0-0: Ball
1-0: Called Strike
1-1: DOUBLE (Flyball, 89D)
Jeff Mason scores
John James to third
Batting: RHB Roger Rush 0-0: Ball
1-0: Ball
2-0: Foul Ball, location: 2F
2-1: Ball
3-1: Swinging Strike
3-2: Foul Ball, location: 2F
3-2: Base on Balls
Batting: RHB Si-xun Li 0-0: SINGLE (Flyball, 8RS)
John James scores
Darwin Crane to third
Roger Rush to second
Runner from 3rd tries for Home, SAFE, no throw
Batting: LHB Enrique Cruz 0-0: Ball
1-0: Ball
2-0: Foul Ball, location: 2F
2-1: Ball
3-1: Called Strike
3-2: Base on Balls
Roger Rush to third
Si-xun Li to second
Batting: SHB Walton Locke 0-0: Ball
1-0: Swinging Strike
1-1: Foul Ball, location: 2F
1-2: Ball
2-2: Ball
Wild Pitch!
Roger Rush scores
Si-xun Li to third
Enrique Cruz to second
3-2: Strikes out swinging
Batting: RHB António Aguilar 0-0: Called Strike
0-1: Foul Ball, location: 2F
0-2: Ground out U3 (Groundball, 34)
Top of the 3rd over - 4 runs, 2 hits, 0 errors, 2 left on base; Beaumont 4 - BlackIron 0
BOTTOM OF THE 3RD
BlackIron Dragons batting - Pitching for Beaumont Roughnecks : RHP Carlos Sánchez
Batting: RHB Randall Walker 0-0: Ball
1-0: Swinging Strike
1-1: Ball
2-1: Fly out, F7 (Flyball, 7LSF)
Batting: RHB Luis Méndez 0-0: Foul Ball, location: 2F
0-1: Ball
1-1: Foul Ball, location: 2F
1-2: SINGLE (Groundball, 3D)
Batting: LHB Miguel García 0-0: Called Strike
0-1: Called Strike
0-2: Ground out 4-3 (Groundball, 4S)
Luis Méndez to second
Batting: RHB Bernardo Corona 0-0: Ball
1-0: Fly out, F8 (Line Drive, 8RM)
Bottom of the 3rd over - 0 runs, 1 hit, 0 errors, 1 left on base; Beaumont 4 - BlackIron 0
TOP OF THE 4TH
Beaumont Roughnecks batting - Pitching for BlackIron Dragons : RHP Silvio Fiermonte
Batting: RHB Jeff Mason 0-0: Foul Ball, location: 2F
0-1: Foul Ball, location: 2F
0-2: Ball
1-2: Ball
2-2: Ball
3-2: Foul Ball, location: 2F
3-2: SINGLE (Flyball, 78S)
Batting: RHB Miguel Costa 0-0: Called Strike
0-1: Foul Ball, location: 2F
0-2: Ball
1-2: Foul Ball, location: 2F
1-2: Foul Ball, location: 2F
1-2: Fly out, F7 (Line Drive, 7)
Batting: RHB John James 0-0: Ball
1-0: Called Strike
1-1: Fielders Choice at 2nd, 1-6 (Groundball, 13)
Batting: RHB Darwin Crane 0-0: Called Strike
0-1: SINGLE (Groundball, 3D)
John James to second
Runner from 2nd tries for 3rd, SAFE, no throw
Batting: RHB Roger Rush 0-0: Foul Ball, location: 2F
0-1: Called Strike
0-2: Fielders Choice at 2nd, 5-4 (Groundball, 56)
Top of the 4th over - 0 runs, 2 hits, 0 errors, 2 left on base; Beaumont 4 - BlackIron 0
BOTTOM OF THE 4TH
BlackIron Dragons batting - Pitching for Beaumont Roughnecks : RHP Carlos Sánchez
Batting: SHB Félix Montoya 0-0: Ball
1-0: Foul Ball, location: 2F
1-1: Swinging Strike
1-2: Foul Ball, location: 2F
1-2: Strikes out swinging
Batting: LHB José Martínez 0-0: Foul Ball, location: 2F
0-1: Ball
1-1: Ball
2-1: Ball
3-1: Ground out 4-3 (Groundball, 4)
Batting: RHB Doug O'Brien 0-0: Ball
1-0: Foul Ball, location: 2F
1-1: Called Strike
1-2: Ball
2-2: Foul Ball, location: 2F
2-2: Fly out, F9 (Flyball, 89D)
Bottom of the 4th over - 0 runs, 0 hits, 0 errors, 0 left on base; Beaumont 4 - BlackIron 0
TOP OF THE 5TH
Beaumont Roughnecks batting - Pitching for BlackIron Dragons : RHP Silvio Fiermonte
Batting: RHB Si-xun Li 0-0: Swinging Strike
0-1: Swinging Strike
0-2: Foul Ball, location: 2F
0-2: Ground out 6-3 (Groundball, 6M)
Batting: LHB Enrique Cruz 0-0: Fly out, F9 (Flyball, 9)
Batting: SHB Walton Locke 0-0: Ball
1-0: Called Strike
1-1: Ball
2-1: Ground out 6-3 (Groundball, 6)
Top of the 5th over - 0 runs, 0 hits, 0 errors, 0 left on base; Beaumont 4 - BlackIron 0
BOTTOM OF THE 5TH
BlackIron Dragons batting - Pitching for Beaumont Roughnecks : RHP Carlos Sánchez
Batting: RHB Roderick Silva 0-0: Called Strike
0-1: Fly out, F9 (Flyball, 89M)
Batting: LHB Miguel Barrón 0-0: Called Strike
0-1: Called Strike
0-2: Ball
1-2: Strikes out swinging
Batting: RHB Randall Walker 0-0: Foul Ball, location: 2F
0-1: Foul Ball, location: 2F
0-2: Foul Ball, location: 2F
0-2: Ball
1-2: Foul Ball, location: 2F
1-2: Ground out 6-3 (Groundball, 6MS)
Bottom of the 5th over - 0 runs, 0 hits, 0 errors, 0 left on base; Beaumont 4 - BlackIron 0
TOP OF THE 6TH
Beaumont Roughnecks batting - Pitching for BlackIron Dragons : RHP Silvio Fiermonte
Pitching: LHP Nick Walters
Batting: RHB António Aguilar 0-0: Ball
1-0: Ground out 5-3 (Groundball, 56S)
Batting: RHB Jeff Mason 0-0: Reached via error on a dropped throw, E3
Batting: RHB Miguel Costa 0-0: Ball
1-0: Ball
2-0: Fly out, F4 (Popup, 4S)
Batting: RHB John James 0-0: Ball
Jeff Mason is caught stealing 2nd base
Top of the 6th over - 0 runs, 0 hits, 1 error, 0 left on base; Beaumont 4 - BlackIron 0
BOTTOM OF THE 6TH
BlackIron Dragons batting - Pitching for Beaumont Roughnecks : RHP Carlos Sánchez
Batting: RHB Luis Méndez 0-0: Ball
1-0: Ball
2-0: Called Strike
2-1: Ball
3-1: Fly out, F8 (Flyball, 8RXD)
Batting: LHB Miguel García 0-0: Called Strike
0-1: Called Strike
0-2: Ball
1-2: SINGLE (Line Drive, 34D)
Batting: RHB Bernardo Corona 0-0: Ball
1-0: Ball
2-0: Called Strike
2-1: Fly out, F8 (Flyball, 8RD)
Batting: SHB Félix Montoya 0-0: Ball
1-0: Ground out 4-3 (Groundball, 4)
Bottom of the 6th over - 0 runs, 1 hit, 0 errors, 1 left on base; Beaumont 4 - BlackIron 0
TOP OF THE 7TH
Beaumont Roughnecks batting - Pitching for BlackIron Dragons : LHP Nick Walters
Batting: RHB John James 0-0: Ball
1-0: Called Strike
1-1: Foul Ball, location: 2F
1-2: Strikes out swinging
Batting: RHB Darwin Crane 0-0: Ground out 6-3 (Groundball, 6)
Batting: RHB Roger Rush 0-0: Ball
1-0: Foul Ball, location: 2F
1-1: SINGLE (Line Drive, 7S)
Batting: RHB Si-xun Li 0-0: Ball
1-0: Ball
Roger Rush steals 2nd base
2-0: Intentional Walk
Batting: LHB Enrique Cruz 0-0: Fly out, F7 (Flyball, 7D)
Top of the 7th over - 0 runs, 1 hit, 0 errors, 2 left on base; Beaumont 4 - BlackIron 0
BOTTOM OF THE 7TH
BlackIron Dragons batting - Pitching for Beaumont Roughnecks : RHP Carlos Sánchez
Batting: LHB José Martínez 0-0: Swinging Strike
0-1: Ball
1-1: Called Strike
1-2: Foul Ball, location: 2F
1-2: Ball
2-2: Strikes out swinging
Batting: RHB Doug O'Brien 0-0: Ball
1-0: Called Strike
1-1: Ball
2-1: Swinging Strike
2-2: Ball
3-2: Base on Balls
Batting: RHB Roderick Silva 0-0: Ball
1-0: Fly out, F4 (Popup, 4S)
Batting: LHB Miguel Barrón 0-0: Foul Ball, location: 2F
0-1: SINGLE (Groundball, 3D)
Doug O'Brien to second
Runner from 2nd tries for 3rd, SAFE, no throw
Batting: RHB Randall Walker 0-0: Called Strike
0-1: Called Strike
0-2: Foul Ball, location: 2F
0-2: Foul Ball, location: 2F
0-2: SINGLE (Flyball, 8RS)
Doug O'Brien scores
Miguel Barrón to second
Pitching: RHP Fernando Guzmán
Batting: RHB Luis Méndez 0-0: Ball
1-0: Called Strike
1-1: Ball
2-1: Fly out, F8 (Flyball, 8LD)
Bottom of the 7th over - 1 run, 2 hits, 0 errors, 2 left on base; Beaumont 4 - BlackIron 1
TOP OF THE 8TH
Beaumont Roughnecks batting - Pitching for BlackIron Dragons : LHP Nick Walters
Batting: SHB Walton Locke 0-0: Called Strike
0-1: Ball
1-1: Foul Ball, location: 2F
1-2: SINGLE (Groundball, 34D)
Batting: RHB António Aguilar 0-0: Sac Bunt - play at first, batter OUT! 3-4
Walton Locke to second
Batting: RHB Jeff Mason 0-0: Intentional Walk
Batting: RHB Miguel Costa 0-0: Ball
1-0: Swinging Strike
1-1: Foul Ball, location: 2F
1-2: Foul Ball, location: 2F
1-2: Ball
2-2: Foul Ball, location: 2F
2-2: Ball
3-2: DOUBLE (Groundball, 5L)
Walton Locke scores
Jeff Mason to third
Runner from 3rd tries for Home, SAFE, no throw
Batting: RHB John James 0-0: Ball
1-0: Called Strike
1-1: Ball
2-1: Ball
3-1: Base on Balls
Batting: RHB Darwin Crane 0-0: Ball
1-0: Ball
2-0: Ball
3-0: Base on Balls
Miguel Costa to third
John James to second
Batting: RHB Roger Rush 0-0: SINGLE (Line Drive, 8RS)
Miguel Costa scores
John James to third
Darwin Crane to second
Batting: RHB Si-xun Li 0-0: SINGLE (Flyball, 7S)
John James scores
Darwin Crane to third
Roger Rush to second
Runner from 3rd tries for Home, throw and OUT!
Batting: LHB Enrique Cruz 0-0: SINGLE (Line Drive, 5D)
Roger Rush to third
Si-xun Li to second
Runner from 3rd tries for Home, SAFE, no throw
Batting: SHB Walton Locke 0-0: Called Strike
0-1: SINGLE (Groundball, 56D)
Si-xun Li to third
Enrique Cruz to second
Runner from 3rd tries for Home, SAFE, no throw
Batting: RHB António Aguilar 0-0: Swinging Strike
0-1: Ball
1-1: Foul Ball, location: 2F
1-2: Ball
2-2: Foul Ball, location: 2F
2-2: Ball
3-2: SINGLE (Line Drive, 4M)
Enrique Cruz to third
Walton Locke to second
Enrique Cruz scores
Walton Locke to third
Batting: RHB Jeff Mason 0-0: Ground out 5-3 (Groundball, 5S)
Top of the 8th over - 7 runs, 7 hits, 0 errors, 2 left on base; Beaumont 11 - BlackIron 1
BOTTOM OF THE 8TH
BlackIron Dragons batting - Pitching for Beaumont Roughnecks : RHP Fernando Guzmán
Batting: LHB Miguel García 0-0: Ball
1-0: Foul Ball, location: 2F
1-1: Swinging Strike
1-2: Foul Ball, location: 2F
1-2: DOUBLE (Flyball, 8RXD)
Pinch Hitting: RHB Jimmy King 0-0: SINGLE (Flyball, 89S)
Miguel García to third
Runner from 3rd tries for Home, SAFE, no throw
Batting: SHB Félix Montoya 0-0: Fielders Choice at 2nd, 4-6 (Groundball, 34)
Batting: LHB José Martínez 0-0: Ball
1-0: Called Strike
1-1: Called Strike
1-2: Strikes out swinging
Batting: RHB Doug O'Brien 0-0: Ball
1-0: Swinging Strike
1-1: Swinging Strike
1-2: Ball
2-2: Foul Ball, location: 2F
2-2: Ball
3-2: Foul Ball, location: 2F
3-2: SINGLE (Groundball, 6MD)
Félix Montoya to second
Félix Montoya to third
Batting: RHB Roderick Silva 0-0: Foul Ball, location: 2F
0-1: Ball
1-1: Ball
2-1: Called Strike
2-2: Ball
3-2: Strikes out swinging
Bottom of the 8th over - 1 run, 3 hits, 0 errors, 2 left on base; Beaumont 11 - BlackIron 2
TOP OF THE 9TH
Beaumont Roughnecks batting - Pitching for BlackIron Dragons : LHP Nick Walters
Now at 3B: Joaquín Valenzuela
Batting: RHB Miguel Costa 0-0: Ball
1-0: Ball
2-0: Called Strike
2-1: SINGLE (Line Drive, 89S)
Batting: RHB John James 0-0: Called Strike
0-1: Called Strike
0-2: Ball
1-2: Ground out 6-3 (Groundball, 6MD)
Miguel Costa to second
Batting: RHB Darwin Crane 0-0: Called Strike
Miguel Costa is caught stealing 3rd base
0-1: SINGLE (Line Drive, 6)
Batting: RHB Roger Rush 0-0: Fly out, F5 (Popup, 5SF)
Top of the 9th over - 0 runs, 2 hits, 0 errors, 1 left on base; Beaumont 11 - BlackIron 2
BOTTOM OF THE 9TH
BlackIron Dragons batting - Pitching for Beaumont Roughnecks : RHP Fernando Guzmán
Pinch Hitting: RHB Ryan Jackson 0-0: Fly out, F8 (Flyball, 8RXD)
Batting: RHB Randall Walker 0-0: Called Strike
0-1: Swinging Strike
0-2: Strikes out swinging
Batting: RHB Luis Méndez 0-0: Called Strike
0-1: Ball
1-1: Called Strike
1-2: Ball
2-2: Strikes out swinging
Bottom of the 9th over - 0 runs, 0 hits, 0 errors, 0 left on base; Beaumont 11 - BlackIron 2
Saturday, December 16th, 2017 - OOTP Baseball 18.8 Build 76